 Dungeon Crawl Stone Soup version 0.31-a0-819-gf6de2f5ab6 (webtiles) character file.

Game seed: 15177976770369393680

350 qw the Shooter (level 6, -1/37 HPs)
             Began as a Gargoyle Hunter on Sept 23, 2023.
             Slain by Edmund
             ... wielding a +2 flail of protection
              (12 damage)
             ... on level 4 of the Dungeon.
             The game lasted 00:00:58 (2302 turns).

qw the Shooter (Gargoyle Hunter)                    Turns: 2302, Time: 00:00:58

Health: -1/37      AC: 10    Str: 17    XL:     6   Next: 61%
Magic:  6/6        EV: 11    Int: 12    God:
Gold:   116        SH:  0    Dex: 22    Spells: 5/5 levels left

rFire   x . .        Y - +1 arbalest
rCold   . . .        (shield currently unavailable)
rNeg    + . .        n - +0 ring mail
rPois   inf          (no helmet)
rElec   +            (no cloak)
rCorr   .            (no gloves)
SInv    +            (no boots)
Will    .....        a - amulet "Jagym" {Acrobat rPois Str+3 Int+4 Dex+3}
Stlth   +            j - ring "Kealad" {rElec rPois rF- Slay+2 SInv}
HPRegen 0.26/turn    (no ring)
MPRegen 0.10/turn

%: acrobat, clarity
@: no status effects
A: sickness immunity, AC +4, negative energy resistance 1, electricity
resistance, torment resistance 1, petrification resistance, agile 1, clarity
a: no special abilities


You were on level 4 of the Dungeon.
You visited 1 branch of the dungeon, and saw 4 of its levels.

You collected 155 gold pieces.
You spent 39 gold pieces at shops.


Innate Abilities, Weirdness & Mutations

You are immune to sickness and miasma.
Your stone body is resilient. (AC +4)
You are immune to poison.
You resist negative energy. (rN+)
You are resistant to electric shocks. (rElec)
You are resistant to unholy torment.
You are immune to petrification.
You are agile. (Dex +4, Str/Int -1)
You possess an exceptional clarity of mind.


   Skills:
 - Level 3.0 Fighting
 - Level 6.0 Ranged Weapons
 - Level 4.4 Armour
 + Level 1.7 Dodging
 - Level 1.1 Stealth


You had 5 spell levels left.
You didn't know any spells.
Your spell library was empty.

Inventory:

Hand Weapons
 Y - a +1 arbalest (weapon)
Armour
 n - a +0 ring mail (worn)
Jewellery
 a - the amulet "Jagym" (around neck) {Acrobat rPois Str+3 Int+4 Dex+3}
   (You found it on level 3 of the Dungeon)

   [amulet of the acrobat]

   Acrobat:   It increases your evasion while moving and waiting.
   Str+3:     It affects your strength (+3).
   Int+4:     It affects your intelligence (+4).
   Dex+3:     It affects your dexterity (+3).
   rPois:     It protects you from poison
 j - the ring "Kealad" (left hand) {rElec rPois rF- Slay+2 SInv}
   (You found it on level 2 of the Dungeon)

   [ring of poison resistance]

   Slay+2:    It affects your accuracy & damage with ranged weapons and melee
   (+2).
   rF-:       It makes you vulnerable to fire.
   rElec:     It insulates you from electricity.
   rPois:     It protects you from poison SInv: It lets you see invisible.
Scrolls
 d - a scroll of teleportation
 o - a scroll of identify
 p - a scroll of fog {unknown}
Potions
 b - a potion of brilliance {unknown}
 c - a potion of invisibility {unknown}
 e - a potion of attraction {unknown}
 f - a potion of resistance {unknown}
 g - a potion of haste {unknown}
 h - a potion of mutation
 i - a potion of heal wounds {unknown}
 k - 6 potions of curing
 l - a potion of enlightenment {unknown}
 m - a potion of cancellation {unknown}

Dungeon Overview and Level Annotations

Branches:
Dungeon (4/15)
 Temple: D:4-7

Altars:

Shops:
D:2 !

Annotations:
D:4 Edmund


Message History

Things that are here:
a +3 mace; a +0 leather armour; an orc skeleton You see here a +0 dagger.
Found a stone staircase leading down.
Edmund the Younger comes into view.
He is wielding a +2 flail of protection.
You shoot a bolt.
The bolt hits Edmund but does no damage.
Edmund shouts!
You shoot a bolt. The bolt hits Edmund.
Edmund is lightly wounded.
You shoot a bolt.
The bolt hits Edmund but does no damage.
Edmund is lightly wounded.
You shoot a bolt.
The bolt hits Edmund but does no damage.
Edmund is lightly wounded.
Edmund closely misses you.
You shoot a bolt. The bolt hits Edmund!
Edmund is moderately wounded.
Edmund barely misses you.
Edmund hits you with a +2 flail of protection!
You shoot a bolt. The bolt hits Edmund.
Edmund is moderately wounded.
Edmund hits you but does no damage.
You shoot a bolt. The bolt completely misses Edmund.
Edmund hits you with a +2 flail of protection.
Edmund hits you with a +2 flail of protection!
You shoot a bolt. The bolt barely misses Edmund.
Edmund hits you with a +2 flail of protection. x2
You shoot a bolt. The bolt hits Edmund!
Edmund is severely wounded.
Edmund hits you with a +2 flail of protection.
You shoot a bolt. The bolt hits Edmund.
Edmund is almost dead.
Edmund hits you with a +2 flail of protection.
Edmund hits you but does no damage.
You shoot a bolt. The bolt barely misses Edmund.
Edmund hits you with a +2 flail of protection!
You die...
Edmund whines, "They better pay attention to me now!"

.......## #....).)...#
........## ##..........##
####.##..### #............#
######..#### ##............#
##....## #..............
###.....#####.......>..<..
#..........................
#..........#####............
#..........@# ##...........
#..........@.# ###.........
#.............# ##.....###
#..............# ##.....#
..|...........# ##....##
.............. #.....#
..........>..# ##.....
............# #..... ##....


You could see Edmund.

Vanquished Creatures
  Sigmund (D:3)
  7 gnolls
  2 adders
  3 worms
  2 dart slugs (D:1)
  7 orcs (D:4)
  5 bats
  5 endoplasms
  A giant cockroach (D:1)
  8 goblins
  10 hobgoblins
  8 jackals
  6 ball pythons
  8 frilled lizards
  5 kobolds
  8 rats
  A spectral kobold (D:1)
87 creatures vanquished.

Notes
Turn   | Place    | Note
-------+----------+-------------------------------------------
     0 | D:1      | qw the Gargoyle Hunter began the quest for the Orb.
     0 | D:1      | Reached XP level 1. HP: 12/12 MP: 1/1
     0 | D:1      | 0 ||| qw: Version: 0.3-a-83-gcd0e7d8
     0 | D:1      | 0 ||| qw: Game counter: 1741
     0 | D:1      | 0 ||| qw: Melee chars always use a shield: true
     0 | D:1      | 0 ||| qw: God list: Okawaru
     0 | D:1      | 0 ||| qw: Allow faded altars: false
     0 | D:1      | 0 ||| qw: Do Orc after clearing Dungeon:15 true
     0 | D:1      | 0 ||| qw: Do second Lair branch before Depths: true
     0 | D:1      | 0 ||| qw: Lair rune preference: random
     0 | D:1      | 0 ||| qw: Goals: Normal
     0 | D:1      | 0 ||| PLANNING D:1-11
    42 | D:1      | Reached XP level 2. HP: 14/17 MP: 2/2
   211 | D:1      | Reached XP level 3. HP: 21/21 MP: 3/3
   341 | D:1      | Reached skill level 5 in Ranged Weapons
   515 | D:1      | Found a faded altar of an unknown god.
   516 | D:1      | 516 ||| Stepping ~*~*~tactically~*~*~ (water).
   605 | D:1      | 605 ||| READING scroll labelled OTUBAR YLUSAE.
   608 | D:1      | 608 ||| READING scroll labelled NOUCETZ JADWO.
   609 | D:1      | 609 ||| DROPPING scroll of butterflies.
   642 | D:2      | 642 ||| SWAPPING to +0 arbalest.
   643 | D:2      | 643 ||| DROPPING +0 shortbow.
   648 | D:2      | Reached skill level 3 in Fighting
   752 | D:2      | Identified the ring "Kealad" {rElec rPois rF- Slay+2 SInv}
   789 | D:2      | Reached XP level 4. HP: 28/28 MP: 4/4
   982 | D:2      | Found Duguy's Distillery.
   985 | D:2      | 985 ||| SHOPLISTING potion of cancellation (104 gold, have
                  | 50).
   985 | D:2      | 985 ||| BUYING potion of curing (39 gold).
   985 | D:2      | Bought a potion of curing for 39 gold pieces
   985 | D:2      | 985 ||| SHOPLISTING potion of enlightenment (65 gold, have
                  | 11).
   985 | D:2      | 985 ||| SHOPLISTING potion of heal wounds (65 gold, have
                  | 11).
   985 | D:2      | 985 ||| SHOPLISTING potion of might (52 gold, have 11).
  1107 | D:2      | 1107 ||| UPGRADING to +0 ring mail.
  1117 | D:2      | 1117 ||| DROPPING +0 leather armour.
  1118 | D:2      | 1118 ||| UPGRADING to ring "Kealad" {rElec rPois rF- Slay+2
                  | SInv}.
  1119 | D:2      | 1119 ||| READING scroll labelled INOZIMIZAF.
  1120 | D:2      | 1120 ||| READING scroll labelled ZEFRIFO LU IPUE.
  1121 | D:2      | 1121 ||| DRINKING 2 orange potions.
  1122 | D:2      | 1122 ||| DROPPING potion of degeneration.
  1313 | D:3      | Identified the amulet "Jagym" {Acrobat rPois Str+3 Int+4
                  | Dex+3}
  1353 | D:3      | Noticed Sigmund
  1356 | D:3      | Killed Sigmund
  1357 | D:3      | Reached XP level 5. HP: 17/32 MP: 5/5
  1357 | D:3      | Reached XP level 6. HP: 19/37 MP: 6/6
  1830 | D:3      | 1830 ||| UPGRADING to amulet "Jagym" {Acrobat rPois Str+3
                  | Int+4 Dex+3}.
  1835 | D:3      | 1835 ||| READING scroll labelled BUXTAC SANTUF.
  1836 | D:3      | 1836 ||| DRINKING 2 puce potions.
  1836 | D:3      | Gained mutation: You are agile. (Dex +4, Str/Int -1)
                  | [potion of mutation]
  1836 | D:3      | Gained mutation: You possess an exceptional clarity of
                  | mind. [potion of mutation]
  2014 | D:4      | Reached skill level 6 in Ranged Weapons
  2291 | D:4      | Noticed Edmund
  2302 | D:4      | Slain by Edmund

Levels and vault maps discovered:
D:1:      giann_wishing_wells, layout_rooms,
          dreamdust_ecumenical_altar_drowned_temple, minmay_surrounded
D:2:      layout_basic, serial_shops, nicolae_shop_real_fake_doors,
          corexii_corridor_pit
D:3:      layout_loops_ring, corexii_shack, item_on_display_a, uniq_sigmund
D:4:      layout_cave_pods, minmay_temple_entry_nine_rooms,
          chequers_serial_rivers_micro_d, uniq_edmund, uniq_blork_the_orc

Skill      XL: |  1  2  3  4  5  6 |
---------------+-------------------+-----
Ranged Weapons | 5 6 |  6.0
Fighting       | 3 |  3.0
Armour         | 4 |  4.4
Dodging        | |  1.7
Stealth        | |  1.1

Action                     |  1- 3 |  4- 6 || total
---------------------------+-------+-------++-------
   Fire: Shortbow          |   114 |       ||   114
         Arbalest          |    15 |    94 ||   109
    Use: Scroll            |     2 |     3 ||     5
         Potion            |       |     2 ||     2
 Armour: Leather armour    |    42 |       ||    42
         Ring mail         |       |    32 ||    32
  Dodge: Dodged            |    55 |    22 ||    77

Table legend:
 A = Non-vault XP
 B = Vault XP
 C = Vault XP percentage of total XP
 D = Non-vault monster count
 E = Vault monster count
 F = Vault count percentage of total count
                 A         B        C        D         E       F
            +---------+---------+-------+---------+---------+-------
      Total |     263 |     238 |  47.5 |      80 |       7 |   8.0
            +---------+---------+-------+---------+---------+-------
        D:1 |      56 |      10 |  15.2 |      32 |       5 |  13.5
        D:2 |      29 |       0 |   0.0 |      14 |       0 |   0.0
        D:3 |      69 |     228 |  76.8 |      14 |       2 |  12.5
        D:4 |     109 |       0 |   0.0 |      20 |       0 |   0.0
            +---------+---------+-------+---------+---------+-------
